 Dungeon Crawl Stone Soup version 0.18-a0-1800-gdc7a371 (webtiles) character file.

86 Kilingo the Firebug (level 4, 0/24 HPs)
             Began as a Deep Elf Fire Elementalist on Apr 24, 2016.
             Was an Initiate of Okawaru.
             Slain by an orc wizard
             ... wielding a +0 dagger
              (4 damage)
             ... on level 3 of the Dungeon.
             The game lasted 00:34:19 (2275 turns).

Kilingo the Firebug (Deep Elf Fire Elementalist)    Turns: 2275, Time: 00:34:19

Health: 0/24       AC:  4    Str: 11    XL:     4   Next: 26%
Magic:  8/10       EV: 13    Int: 20    God:    Okawaru [......]
Gold:   70         SH:  0    Dex: 15    Spells: 3 memorised, 3 levels left

rFire  . . .     SeeInvis .     a - +1 dagger (drain)
rCold  . . .     Gourm    .     e - +0 robe
rNeg   . . .     Faith    .     (no shield)
rPois  .         Spirit   .     (no helmet)
rElec  .         Dismiss  .     j - +0 cloak
rCorr  .         Reflect  .     m - +0 pair of gloves
SustAt .         Harm     .     (no boots)
MR     +....                    (no amulet)
Stlth  ++........               (no ring)
                                i - ring of protection from magic

@: mighty, somewhat resistant to hostile enchantments, unstealthy
A: no striking features
a: Renounce Religion


You were on level 3 of the Dungeon.
You worshipped Okawaru.
Okawaru was noncommittal.
You were not hungry.

You visited 1 branch of the dungeon, and saw 3 of its levels.

You collected 70 gold pieces.

Inventory:

Hand Weapons
 a - a +1 dagger of draining (weapon)
 o - a +1 short sword of flaming
 w - a +0 longbow
Missiles
 l - 3 tomahawks (quivered)
 y - 24 arrows
Armour
 e - a +0 robe (worn)
 j - a +0 cloak (worn)
 m - a +0 pair of gloves (worn)
Jewellery
 i - a ring of protection from magic (left hand)
 p - an uncursed ring of fire {unknown}
Wands
 u - a wand of iceblast (9/15)
Scrolls
 q - a scroll of enchant armour {unknown}
 s - a scroll of fear
 x - a scroll of teleportation {unknown}
Potions
 d - a potion of might
 f - a potion of heal wounds {unknown}
 k - a potion of degeneration {unknown}
 n - a potion of brilliance {unknown}
 v - a potion of curing {unknown}
 z - 2 potions of cancellation {unknown}
Books
 b - a book of Flames

   Spells                             Type                      Level
   a - Flame Tongue                   Conjuration/Fire             1
   b - Throw Flame                    Conjuration/Fire             2
   c - Conjure Flame                  Conjuration/Fire             3
   d - Inner Flame                    Hexes/Fire                   3
   e - Sticky Flame                   Conjuration/Fire             4
   f - Fireball                       Conjuration/Fire             5
Comestibles
 c - 2 bread rations
 g - a beef jerky
 r - a royal jelly
 t - 4 chunks of flesh


   Skills:
 - Level 0.2 Short Blades
 - Level 3.0 Dodging
 - Level 2.9 Stealth
 - Level 3.1 Spellcasting
 - Level 2.9 Conjurations
 - Level 3.9 Fire Magic
 + Level 1.0 Invocations


You had 3 spell levels left.
You knew the following spells:

 Your Spells              Type           Power        Failure   Level  Hunger
a - Flame Tongue          Conj/Fire      ###..        3%          1    None
b - Throw Flame           Conj/Fire      ###...       6%          2    ##.....
c - Conjure Flame         Conj/Fire      ###.....     12%         3    ###....


Dungeon Overview and Level Annotations

Branches:
Dungeon (3/15)

Altars:
Okawaru


Message History

Aiming: Flame Tongue
Press: ? - help, Shift-Dir - straight line, f - orc wizard
Aim: an orc wizard, wielding a dagger and wearing a robe The flame tongue hits the orc wizard.
The orc wizard is severely wounded.
Casting: Flame Tongue
Confirm with . or Enter, or press ? or * to list all spells.
Aiming: Flame Tongue
Press: ? - help, Shift-Dir - straight line, f/p - orc wizard
Aim: an orc wizard, wielding a dagger and wearing a robe (severely wounded)
The flame tongue misses the orc wizard.
The orc wizard casts a spell at you. The puff of flame hits you!
* * * LOW HITPOINT WARNING * * *
The orc wizard casts a spell at you. You resist with almost no effort.
You barely miss the orc wizard.
The orc wizard is severely wounded.
The orc wizard hits you with a dagger.
You die...

#......#..#.###.#
....#........<......#.
#...#.....#####.......
#...#.........).......
#...#.....###########.
#...#.....# #########
#...##...#..........#.
######...##...#..........#.
#.........@o..#..........#.
#.............#..........#.
#.............#..........#.
#.............#.........)#.
#...........###..........#.
############# #..........'.
#..........## #....[.....+
#..........##


You could see an orc wizard.

Vanquished Creatures
  An ooze (D:2)
  4 worms (D:2)
  3 dart slugs
  A giant gecko (D:2)
  4 orcs
  2 giant cockroaches
  9 goblins
  8 hobgoblins
  3 jackals (D:3)
  A quokka (D:2)
  7 bats
  3 giant newts
  5 kobolds
  5 rats
56 creatures vanquished.

Notes
Turn   | Place    | Note
--------------------------------------------------------------
     0 | D:1      | Kilingo the Deep Elf Fire Elementalist began the quest for the Orb.
     0 | D:1      | Reached XP level 1. HP: 10/10 MP: 6/6
   165 | D:1      | Reached XP level 2. HP: 15/15 MP: 6/8
   256 | D:1      | Learned a level 2 spell: Throw Flame
   738 | D:2      | Reached XP level 3. HP: 19/19 MP: 2/9
   873 | D:2      | Learned a level 3 spell: Conjure Flame
  1162 | D:2      | Found an iron altar of Okawaru.
  1176 | D:2      | Became a worshipper of Warmaster Okawaru
  1381 | D:2      | Found a faded altar to an unknown god.
  1849 | D:2      | Reached XP level 4. HP: 21/24 MP: 6/10
  2227 | D:3      | Reached skill level 1 in Invocations
  2275 | D:3      | Slain by an orc wizard

Vault maps used:
D:1:      dpeg_arrival_stonehenge_8_columns
D:2:      ecumenical_altar_2, okawaru_ov_weapons_minmay
D:3:      gammafunk_temple_overflow_wave, uniq_jessica

Skill      XL: |  1  2  3  4 |
---------------+-------------+-----
Conjurations   | 2 |  2.9
Dodging        | 3 |  3.0
Invocations    | 1 |  1.0
Short Blades   | |  0.2
Stealth        | |  2.9
Spellcasting   | |  3.1
Fire Magic     | |  3.9

Action                   |  1- 3 |  4- 6 || total
-------------------------+-------+-------++-------
Melee: Dagger            |    11 |     8 ||    19
       Unarmed           |     1 |     1 ||     2
 Cast: Flame Tongue      |    59 |    21 ||    80
       Throw Flame       |    13 |     2 ||    15
  Use: Scroll            |       |     3 ||     3
       Potion            |       |     1 ||     1
 Stab: Sleeping          |     6 |     1 ||     7
  Eat: Chunk             |     2 |       ||     2
       Bread ration      |     1 |       ||     1
Armor: Robe              |     8 |     6 ||    14
Dodge: Dodged            |    22 |     9 ||    31
